 Dungeon Sprint DCSS version 0.19.1 (webtiles) character file.

127 equalderp2856 the Gouger (level 4, -10/24 HPs)
             Began as a Felid Fighter on Dec 18, 2016.
             Was a Follower of Elyvilon.
             Mangled by a cyan ugly thing (14 damage)
             ... in the Dungeon (Sprint IX: "|||||||||||||||||||||||||||||").
             The game lasted 00:01:44 (389 turns).

equalderp2856 the Gouger (Felid Fighter)             Turns: 389, Time: 00:01:45

Health: -10/24     AC:  1    Str: 16    XL:     4   Next: 85%
Magic:  5/5        EV: 25    Int:  9    God:    Elyvilon [*.....]
Gold:   0          SH:  0    Dex: 16    Spells: 0 memorised, 3 levels left
                                        Lives:  0   Deaths: 1

rFire  . . .     SeeInvis +       - Unarmed
rCold  . . .     Gourm    .     (armour unavailable)
rNeg   . . .     Faith    .     (shield unavailable)
rPois  .         Spirit   .     (helmet unavailable)
rElec  .         Reflect  .     (cloak unavailable)
rCorr  .         Harm     .     (gloves unavailable)
MR     .....     NoTele   +     (boots unavailable)
Stlth  +++.......               (no amulet)
                                n - +2 ring of evasion
                                m - +3 ring of strength

@: quick
A: no armour, no weapons or thrown items, stealth, claws 1, fangs 3, see
invisible, carnivore 3, speed 1, shaggy fur 1, slow metabolism 1, sharp paws
a: Lesser Healing, Divine Protection, Renounce Religion


You were in the Dungeon.
You worshipped Elyvilon.
Elyvilon was aware of your devotion.
You were not hungry.

You visited 1 branch

Inventory:

Jewellery
 m - a +3 ring of strength (left paw)
 n - a +2 ring of evasion (right paw)
Wands
 l - a wand of lightning (7/15)
Scrolls
 h - 2 scrolls of blinking
 j - 3 scrolls of remove curse
 k - 2 scrolls of amnesia
Potions
 a - a potion of might
 c - 3 potions of curing
 e - a potion of haste
 f - 4 potions of magic
 g - a potion of berserk rage
 i - a potion of invisibility
Comestibles
 b - a meat ration


   Skills:
 + Level 5.7 Fighting
 + Level 7.5 Dodging
 + Level 3.9 Stealth
 + Level 10.3 Unarmed Combat


You had 3 spell levels left.
You didn't know any spells.

Dungeon Overview and Level Annotations

Branches:
Dungeon (1/1)

Altars:
Cheibriados
Dithmenos
Elyvilon
Fedhas
Gozag
Hepliaklqana
Kikubaaqudgha
Makhleb
Nemelex Xobeh
Okawaru
Qazlal
Ru
Sif Muna
Trog
Uskayaw
Vehumet
Xom
Yredelemnul
Zin
The Shining One
Beogh
Jiyva
Lugonu


Innate Abilities, Weirdness & Mutations

You cannot wear armour.
You are incapable of wielding weapons or throwing items.
Your paws allow you to move quietly. (Stealth)
You have sharp claws.
You have razor-sharp teeth.
You have supernaturally acute eyesight. (SInv)
You are carnivorous and can eat meat at any time.
You cover ground quickly.
You are covered in fur. (AC +1)
You have a slow metabolism.
Your sharp claws are effective at attacking unaware monsters.


Message History

The cyan ugly thing is heavily wounded.
You scratch the cyan ugly thing.
The cyan ugly thing is heavily wounded.
The cyan ugly thing misses you.
You claw the cyan ugly thing!
You bite the cyan ugly thing, but do no damage.
The cyan ugly thing is severely wounded.
The cyan ugly thing claws you. The cyan ugly thing shocks you!
Ouch! That really hurt!
* * * LOW HITPOINT WARNING * * *
You feel better. The cyan ugly thing misses you.
You feel better. The cyan ugly thing barely misses you.
You scratch the cyan ugly thing but do no damage.
The cyan ugly thing is heavily wounded.
The cyan ugly thing claws you!
Ouch! That really hurt!
* * * LOW HITPOINT WARNING * * *
The cyan ugly thing shocks you!
Ouch! That really hurt!
You die...

▓.▓+▓
▓.▓.▓
▓.▓l▓
▓.▓Z▓
▓.▓l▓
▓.▓h▓
▓.▓J▓
▓.▓u▓
▓.▓@▓
▓...▓
▓▓▓▓▓


You could see a cyan ugly thing, a slime creature, a wyvern, an iguana, a hound
and a bat zombie.

Vanquished Creatures
  A yak (D)
  A jelly (D)
  An orc wizard (D)
  An iguana (D)
  A dart slug (D)
  4 giant cockroaches (D)
  A goblin (D)
  A hobgoblin (D)
  A kobold (D)
  A frilled lizard (D)
13 creatures vanquished.

Notes
Turn   | Place    | Note
-------+----------+-------------------------------------------
     0 | D        | equalderp2856 the Felid Fighter began the quest for the Orb.
     0 | D        | Reached XP level 1. HP: 10/10 MP: 2/2
    19 | D        | Noticed an iguana
    37 | D        | Killed an iguana
    37 | D        | Reached skill level 5 in Dodging
    37 | D        | Reached skill level 1 in Stealth
    37 | D        | Reached skill level 6 in Unarmed Combat
    37 | D        | Reached XP level 2. HP: 9/15 MP: 3/3
    37 | D        | Reached XP level 3. HP: 10/18 MP: 4/4
   278 | D        | Found a roughly hewn altar of Beogh.
   278 | D        | Found a snail-covered altar of Cheibriados.
   278 | D        | Found a shadowy altar of Dithmenos.
   278 | D        | Found a white marble altar of Elyvilon.
   278 | D        | Found a blossoming altar of Fedhas.
   278 | D        | Found an opulent altar of Gozag.
   279 | D        | Found a hazy altar of Hepliaklqana.
   280 | D        | Found a viscous altar of Jiyva.
   281 | D        | Found an ancient bone altar of Kikubaaqudgha.
   282 | D        | Found a corrupted altar of Lugonu.
   283 | D        | Found a burning altar of Makhleb.
   284 | D        | Became a worshipper of Elyvilon the Healer
   285 | D        | Found a sparkling altar of Nemelex Xobeh.
   286 | D        | Found an iron altar of Okawaru.
   287 | D        | Found a stormy altar of Qazlal.
   288 | D        | Found a sacrificial altar of Ru.
   289 | D        | Found a deep blue altar of Sif Muna.
   290 | D        | Found a bloodstained altar of Trog.
   291 | D        | Found a hide-covered altar of Uskayaw.
   292 | D        | Found a radiant altar of Vehumet.
   293 | D        | Found a shimmering altar of Xom.
   294 | D        | Found a basalt altar of Yredelemnul.
   295 | D        | Found a glowing silver altar of Zin.
   296 | D        | Found a glowing golden altar of the Shining One.
   323 | D        | Noticed a phantom
   323 | D        | Noticed a yak
   323 | D        | Noticed a centaur
   332 | D        | Reached skill level 7 in Unarmed Combat
   336 | D        | Elyvilon protects you from harm!
   338 | D        | Reached skill level 8 in Unarmed Combat
   338 | D        | Reached XP level 4. HP: 22/22 MP: 5/5
   343 | D        | Killed a yak
   343 | D        | Reached skill level 5 in Fighting
   343 | D        | Reached skill level 10 in Unarmed Combat
   343 | D        | Reached XP level 5. HP: 27/27 MP: 6/6
   348 | D        | Shot with an arrow by a centaur
   349 | D        | Reached XP level 4. HP: -7/24 MP: 5/5
   356 | D        | Reached * piety under Elyvilon
   378 | D        | Noticed a slime creature
   378 | D        | Noticed a wyvern
   378 | D        | Noticed a cyan ugly thing
   389 | D        | Mangled by a cyan ugly thing

Skill      XL: |  1  2  3  4 |
---------------+-------------+-----
Fighting       | 4 5 |  5.7
Dodging        | 5 6 7 |  7.5
Stealth        | 1 2 3 |  3.9
Unarmed Combat | 6 8 10 | 10.3

Action                   |  1- 3 |  4- 6 || total
-------------------------+-------+-------++-------
Melee: Unarmed           |    45 |    13 ||    58
       Punch             |     3 |       ||     3
       Bite              |     2 |     1 ||     3
  Use: Potion            |     2 |     3 ||     5
 Stab: Sleeping          |     1 |       ||     1
Dodge: Dodged            |    33 |    14 ||    47
